 Dungeon Crawl Stone Soup version 0.32-a0-314-g526f7d4993 (webtiles) character file.

Game seed: 2085653718529078749

1116 cforsyth the Trooper (level 8, -4/62 HPs)
             Began as a Djinni Ice Elementalist on Feb 15, 2024.
             Slain by an ice beast (18 damage)
             ... on level 5 of the Dungeon.
             The game lasted 00:10:41 (5731 turns).

cforsyth the Trooper (Djinni Ice Elementalist)      Turns: 5731, Time: 00:10:41

Health: -4/62      AC:  2    Str:  7    XL:     8   Next: 60%
Gold:   230        EV: 12    Int: 19    God:
                   SH:  0    Dex: 14

rFire   + + .        (no weapon)
rCold   x . .        (no shield)
rNeg    . . .        a - +0 robe
rPois   ∞            (no helmet)
rElec   .            (no cloak)
rCorr   .            (no gloves)
SInv    .            (boots unavailable)
Will    +....        (no amulet)
Stlth   ++           W - ring of willpower
HPRegen 0.30/turn    (no ring)
MPRegen 0.00/turn

%: infuse magic (-5 HP)
@: flying
A: sickness immunity, fire resistance 2, cold vulnerability 1, float, innate
caster, HP casting, extra vitality 1
a: no special abilities


You were on level 5 of the Dungeon.
You visited 1 branch of the dungeon, and saw 5 of its levels.
You also visited: Sewer.

You collected 230 gold pieces.


Innate Abilities, Weirdness & Mutations

You are immune to sickness and miasma.
You are immune to poison.
Your flesh is very heat resistant. (rF++)
You are vulnerable to cold. (rC-)
You float through the air rather than walking.
You learn spells naturally, not from books.
Your magical power is your life essence.
You have superior vitality. (+4 MHP)


   Skills:
 + Level 6.8 Fighting
 - Level 2.1 Dodging
 - Level 1.5 Stealth
 + Level 6.3 Spellcasting
 + Level 6.3 Conjurations
 + Level 6.3 Hexes
 + Level 6.3 Summonings
 + Level 6.3 Necromancy
 + Level 6.3 Translocations
 + Level 6.3 Fire Magic
 + Level 6.3 Ice Magic
 + Level 6.3 Air Magic
 + Level 6.3 Earth Magic
 + Level 6.3 Alchemy


You knew the following spells:

 Your Spells              Type           Power      Damage    Failure   Level
b - Summon Ice Beast      Ice/Summ       29%        N/A       2%          3
c - Call Canine Familiar  Summ           29%        N/A       2%          3
f - Freeze                Ice            100%       1d10      1%          1
o - Ozocubu's Armour      Ice            29%        N/A       2%          3
r - Frozen Ramparts       Ice            58%        1d9       2%          3
X - Kiss of Death         Conj/Necr      100%       2d13      1%          1
Y - Mercury Vapours       Alch/Air       58%        N/A       1%          2
Your spell library was empty.

Inventory:

Armour
 a - a +0 robe (worn)
Jewellery
 W - a ring of willpower (left hand)
Wands
 n - a wand of light (9)
 t - a wand of roots (13)
Scrolls
 c - 2 scrolls of noise {unknown}
 e - 12 scrolls of identify {unknown}
 f - 3 scrolls of teleportation {unknown}
 h - a scroll of revelation {unknown}
 j - a scroll of enchant weapon {unknown}
 k - 3 scrolls of fear {unknown}
 l - 2 scrolls of amnesia {unknown}
 o - a scroll of immolation {unknown}
 p - a scroll of vulnerability {unknown}
 q - 2 scrolls of enchant armour {unknown}
 s - a scroll of brand weapon {unknown}
 u - a scroll of torment {unknown}
 v - a scroll of blinking
Potions
 b - a potion of curing {unknown}
 d - 2 potions of haste {unknown}
 g - a potion of attraction {unknown}
 i - a potion of resistance {unknown}
 m - 3 potions of heal wounds {unknown}
 r - a potion of might {unknown}

Dungeon Overview and Level Annotations

Branches:
Dungeon (5/15)              Sewer (visited)
 Temple: D:4-7

Altars:
Elyvilon
Makhleb

Shops:
D:4 (

Annotations:
D:5 1 runed translucent door, Crazy Yiuf

...# +#..###.# # ...#
▒▒.....▒▒....'..#######
(..###
▒$.....:▒..).##........
##...#
▒(..ß..!▒#..#########.#
.....# ▒!..... ▒#'##
#.# ###### ▒.....▒▒..##
#.# ..h▒▒....# #..
▒Y▒'....# ###
##.@##..## #..
+..Y.#### #.. #....#
#.. ##†.## #.. #### #.#
#.# #.# #.# #.~


You could see a black bear (weak), an ice beast (weak, ally target) and a
friendly ice beast (summoned, weak).


Message History

Unknown command.
Your icy armour cracks and falls away as you move.
The frozen ramparts melt away as you move.
The ice beast barely misses your ice beast.
Your ice beast hits the ice beast.
Your ice beast freezes the ice beast.
The ice beast completely resists.
Casting: Ozocubu's Armour (dangerous; 2% risk of failure)
Confirm with . or Enter, or press ? or * to list all spells.
You can't see any susceptible monsters within range! (Use Z to cast anyway.) Unknown command.
Unknown command.
Casting: Ozocubu's Armour (dangerous; 2% risk of failure)
Confirm with . or Enter, or press ? or * to list all spells.
Aiming: Mercury Vapours (safe; 1% risk of failure)
Press: ? - help, Dir - move target, f - ice beast
Aim: an ice beast (lightly wounded, ally target, chance to weaken: 100%) Fumes of mercury billow around the ice beast!
The ice beast looks weaker.
Your ice beast looks weaker.
The black bear looks weaker.
* * * LOW HITPOINT WARNING * * *
The ice beast barely misses your ice beast.
Your ice beast hits the ice beast but does no damage.
Unknown command.
Unknown command.
Unknown command.
Found a pink potion.
The ice beast hits you.
* * * LOW HITPOINT WARNING * * *
The ice beast freezes you!!
You feel a terrible chill!
You die...

Skill      XL: |  1  2  3  4  5  6  7  8 |
---------------+-------------------------+-----
Fighting       | 1 2 3 4 5 6 |  6.8
Spellcasting   | 4 5 6 |  6.3
Conjurations   | 4 5 6 |  6.3
Hexes          | 4 5 6 |  6.3
Summonings     | 4 5 6 |  6.3
Necromancy     | 4 5 6 |  6.3
Translocations | 4 5 6 |  6.3
Fire Magic     | 4 5 6 |  6.3
Ice Magic      | 4 5 6 |  6.3
Air Magic      | 4 5 6 |  6.3
Earth Magic    | 4 5 6 |  6.3
Alchemy        | 4 5 6 |  6.3
Dodging        | |  2.1
Stealth        | |  1.5

Action                     |  1- 3 |  4- 6 |  7- 9 || total
---------------------------+-------+-------+-------++-------
  Melee: Unarmed           |    23 |     6 |    32 ||    61
         Punch             |       |       |     1 ||     1
   Cast: Freeze            |    27 |   110 |    62 ||   199
         Summon Ice Beast  |       |     3 |    14 ||    17
         Frozen Ramparts   |       |     3 |     6 ||     9
         Mercury Vapours   |       |       |     4 ||     4
         Ozocubu's Armour  |       |       |     2 ||     2
   Stab: Sleeping          |     1 |       |       ||     1
         Distracted        |       |       |     1 ||     1
 Armour: Robe              |    17 |    62 |    64 ||   143
  Dodge: Dodged            |    20 |    57 |    61 ||   138

Levels and vault maps discovered:
D:1:      dpeg_arrival_ternary, layout_loops_cross, columned_hall_lemuel,
          minmay_indecisive_spiral
D:2:      layout_loops_corners
D:3:      layout_loops_ring
D:4:      layout_basic, makhleb_altar_promises_db, elyvilon_altar_1,
          serial_shops, nicolae_diamond_shop, serial_rivers,
          chequers_serial_rivers_small_3, chequers_serial_rivers_room_b,
          chequers_serial_rivers_micro_b, chequers_serial_rivers_micro_b,
          chequers_serial_rivers_marsh, chequers_serial_rivers_micro_e
D:5:      minmay_bubble_buster, layout_loops_ring, portal_sewer_entry_b,
          corexii_hall_statues_l, uniq_crazy_yiuf_cottage

Notes
Turn   | Place    | Note
-------+----------+-------------------------------------------
     0 | D:1      | cforsyth the Djinni Ice Elementalist began the quest for
                  | the Orb.
     0 | D:1      | cforsyth set off with the following spells memorised:
                  | Freeze, Frozen Ramparts, Ozocubu's Armour, Summon Ice
                  | Beast.
     0 | D:1      | Reached XP level 1. HP: 15/15 MP: 0/0
    99 | D:1      | Reached XP level 2. HP: 20/22 MP: 0/0
   152 | D:1      | Reached skill level 1 in Fighting
   266 | D:1      | Reached XP level 3. HP: 23/27 MP: 0/0
   266 | D:1      | Learned a level 1 spell: Kiss of Death
   523 | D:1      | Reached skill level 2 in Fighting
   523 | D:1      | Reached skill level 4 in Spellcasting
   523 | D:1      | Reached skill level 4 in Conjurations
   523 | D:1      | Reached skill level 4 in Hexes
   523 | D:1      | Reached skill level 4 in Summonings
   523 | D:1      | Reached skill level 4 in Necromancy
   523 | D:1      | Reached skill level 4 in Translocations
   523 | D:1      | Reached skill level 4 in Fire Magic
   523 | D:1      | Reached skill level 4 in Ice Magic
   523 | D:1      | Reached skill level 4 in Air Magic
   523 | D:1      | Reached skill level 4 in Earth Magic
   523 | D:1      | Reached skill level 4 in Alchemy
   816 | D:1      | Reached XP level 4. HP: 32/33 MP: 0/0
  1186 | D:2      | Reached XP level 5. HP: 35/40 MP: 0/0
  1186 | D:2      | Learned a level 2 spell: Mercury Vapours
  1291 | D:2      | Reached skill level 3 in Fighting
  2640 | D:3      | Reached XP level 6. HP: 44/46 MP: 0/0
  2952 | D:4      | Reached skill level 4 in Fighting
  3196 | D:4      | Reached skill level 5 in Spellcasting
  3196 | D:4      | Reached skill level 5 in Conjurations
  3196 | D:4      | Reached skill level 5 in Hexes
  3196 | D:4      | Reached skill level 5 in Summonings
  3196 | D:4      | Reached skill level 5 in Necromancy
  3196 | D:4      | Reached skill level 5 in Translocations
  3196 | D:4      | Reached skill level 5 in Fire Magic
  3196 | D:4      | Reached skill level 5 in Ice Magic
  3196 | D:4      | Reached skill level 5 in Air Magic
  3196 | D:4      | Reached skill level 5 in Earth Magic
  3196 | D:4      | Reached skill level 5 in Alchemy
  3316 | D:4      | Found a white marble altar of Elyvilon.
  3372 | D:4      | Reached XP level 7. HP: 49/53 MP: 0/0
  3372 | D:4      | Learned a level 3 spell: Call Canine Familiar
  3391 | D:4      | Found Menaler's Antique Weapon Shoppe.
  3735 | D:4      | Found a burning altar of Makhleb.
  3735 | D:4      | Noticed a green death
  3854 | D:4      | Reached skill level 5 in Fighting
  4246 | D:5      | Entered Level 5 of the Dungeon
  4313 | D:5      | Found a runed translucent door.
  4314 | D:5      | Noticed Crazy Yiuf
  4567 | D:5      | Found a glowing drain.
  4577 | Sewer    | Entered a sewer
  4753 | Sewer    | HP: 2/54 [bullfrog (7)]
  5019 | Sewer    | Reached XP level 8. HP: 59/61 MP: 0/0
  5060 | Sewer    | Reached skill level 6 in Fighting
  5512 | D:5      | Reached skill level 6 in Spellcasting
  5512 | D:5      | Reached skill level 6 in Conjurations
  5512 | D:5      | Reached skill level 6 in Hexes
  5512 | D:5      | Reached skill level 6 in Summonings
  5512 | D:5      | Reached skill level 6 in Necromancy
  5512 | D:5      | Reached skill level 6 in Translocations
  5512 | D:5      | Reached skill level 6 in Fire Magic
  5512 | D:5      | Reached skill level 6 in Ice Magic
  5512 | D:5      | Reached skill level 6 in Air Magic
  5512 | D:5      | Reached skill level 6 in Earth Magic
  5512 | D:5      | Reached skill level 6 in Alchemy
  5731 | D:5      | Slain by an ice beast

Vanquished Creatures
  A water moccasin (D:5)
  A scorpion (D:5)
  A howler monkey (D:4)
  A bombardier beetle (D:5)
  3 orc wizards
  2 iguanas (D:4)
  6 gnolls
  10 adders
  2 ribbon worms
  9 dart slugs
  6 orcs
  8 endoplasms
  7 giant cockroaches
  6 goblins
  4 hobgoblins
  9 jackals
  3 kobolds
  3 quokkas
  11 ball pythons
  11 bats
  9 frilled lizards
  8 rats
121 creatures vanquished.

Vanquished Creatures (collateral kills)
  An ice beast (D:5)
  A phantom (D:4)
  2 bullfrogs (Sewer)
  An orc wizard (D:4)
  2 adders (Sewer)
  8 dart slugs (Sewer)
  An orc (D:4)
  4 giant cockroaches (Sewer)
  2 ball pythons (Sewer)
  4 frilled lizards (Sewer)
26 creatures vanquished.

Grand Total: 147 creatures vanquished

Table legend: (Time is in decaauts)
 A = Elapsed time spent in this place.
 B = Non-inter-level travel time spent in this place.
 C = Inter-level travel time spent in this place.
 D = Time resting spent in this place.
 E = Time spent auto-exploring this place.
 F = Levels seen in this place.
 G = Mean time per level.
                   A        B        C        D        E       F      G
               +--------+--------+--------+--------+--------+-----+--------+
         Total |   5731 |   5607 |    124 |    212 |   4324 |   6 |  955.2 |
       Dungeon |   4946 |   4822 |    124 |    149 |   3865 |   5 |  989.2 |
         Sewer |    784 |    784 |      0 |     63 |    459 |   1 |  784.0 |
               +--------+--------+--------+--------+--------+-----+--------+

Top non-repeatable levels by time:
     D:4: 1271 daAuts
     D:2: 1171 daAuts
     D:1: 1033 daAuts
   Sewer: 784 daAuts
     D:3: 770 daAuts
     D:5: 699 daAuts

Table legend:
 A = Non-vault XP
 B = Vault XP
 C = Vault XP percentage of total XP
 D = Non-vault monster count
 E = Vault monster count
 F = Vault count percentage of total count
                 A         B        C        D         E       F
            +---------+---------+-------+---------+---------+-------
      Total |     962 |     633 |  39.7 |     100 |      47 |  32.0
            +---------+---------+-------+---------+---------+-------
        D:1 |      81 |       9 |  10.0 |      26 |       4 |  13.3
        D:2 |     137 |       0 |   0.0 |      30 |       0 |   0.0
        D:3 |      58 |       0 |   0.0 |      15 |       0 |   0.0
        D:4 |     462 |       0 |   0.0 |      23 |       0 |   0.0
        D:5 |     224 |     293 |  56.7 |       6 |       7 |  53.8
      Sewer |       0 |     331 | 100.0 |       0 |      36 | 100.0
            +---------+---------+-------+---------+---------+-------
